 Dungeon Crawl Stone Soup version 0.24.0-123-gd5b16e6ec5 (webtiles) character file.

Game seed: 218172017735211525, levelgen mode: deterministic

184 Elellon the Cudgeler (level 5, -4/32 HPs)
             Began as a Gargoyle Fighter on Jan 11, 2020.
             Was an Initiate of Okawaru.
             Slain by an ice beast (9 damage)
             ... on level 4 of the Dungeon.
             The game lasted 00:05:49 (3180 turns).

Elellon the Cudgeler (Gargoyle Fighter)             Turns: 3180, Time: 00:05:50

Health: -4/32      AC: 12    Str: 21    XL:     5   Next: 63%
Magic:  5/5        EV:  7    Int:  8    God:    Okawaru [......]
Gold:   213        SH:  9    Dex:  9    Spells: 4/4 levels left

rFire    . . .     SeeInvis .   a - +0 flail
rCold    . . .     Gourm    .   c - +0 shield
rNeg     + . .     Faith    .   b - +0 scale mail
rPois    ∞         Spirit   .   (no helmet)
rElec    +         Reflect  .   i - +0 cloak
rCorr    .         Harm     .   (no gloves)
MR       +....                  (no boots)
Stlth    ..........             (no amulet)
HPRegen  0.10/turn              r - ring of protection from magic
MPRegen  0.09/turn              (no ring)

@: no status effects
A: negative energy resistance 1, electricity resistance, unbreathing,
petrification resistance, rot immunity, AC +4
a: Renounce Religion


You were on level 4 of the Dungeon.
You worshipped Okawaru.
Okawaru was noncommittal.
You were not hungry.

You visited 2 branches of the dungeon, and saw 5 of its levels.

You collected 213 gold pieces.

Inventory:

Hand Weapons
 a - a +0 flail (weapon)
Armour
 b - a +0 scale mail (worn)
 c - a +0 shield (worn)
 i - a +0 cloak (worn)
Jewellery
 r - a ring of protection from magic (left hand)
 v - a +4 ring of strength {unknown}
Scrolls
 g - a scroll of remove curse {unknown}
 j - a scroll of enchant weapon {unknown}
 k - 3 scrolls of teleportation
 n - 9 scrolls of identify
 o - 2 scrolls of magic mapping {unknown}
 p - a scroll of enchant armour {unknown}
 q - 2 scrolls of amnesia {unknown}
 s - a scroll of noise {unknown}
 t - a scroll of random uselessness {unknown}
Potions
 d - a potion of might
 e - a potion of curing {unknown}
 h - a potion of haste {unknown}
 l - 2 potions of experience {unknown}
 m - a potion of cancellation {unknown}
 u - a potion of heal wounds {unknown}
 w - a potion of brilliance {unknown}
 x - a potion of berserk rage {unknown}
 z - a potion of invisibility {unknown}
Comestibles
 f - 7 rations


   Skills:
 - Level 3.2 Fighting
 + Level 5.7 Maces & Flails
 - Level 3.2 Armour
 - Level 3.2 Shields


You had 4 spell levels left.
You didn't know any spells.
Your spell library contained the following spells:

 Spells                   Type           Power        Failure   Level  Hunger
 Summon Small Mammal      Summ           #...         99%         1    ##.....
 Call Imp                 Summ           #.......     100%        2    ###....
 Call Canine Familiar     Summ           #.......     100%        3    ####...
 Summon Guardian Golem    Hex/Summ       #.......     100%        3    ####...
 Summon Ice Beast         Ice/Summ       #.......     100%        4    #####..
 Summon Lightning Spire   Summ/Air       #.......     100%        4    #####..


Dungeon Overview and Level Annotations

Branches:
Dungeon (4/15)             Temple (1/1) D:4

Altars:
Ashenzari
Cheibriados
Dithmenos
Fedhas
Gozag
Hepliaklqana
Kikubaaqudgha
Makhleb
Nemelex Xobeh
Okawaru
Qazlal
Ru
Trog
Uskayaw
Vehumet
Wu Jian
Yredelemnul
Zin
The Shining One

Annotations:
D:4 2 transporters, Elellon's ghost, amateur HOFi


Innate Abilities, Weirdness & Mutations

You are resistant to torment.
Your stone body is resilient. (AC +4)
You are immune to poison.
You resist negative energy. (rN+)
You are resistant to electric shocks. (rElec)
You can survive without breathing.
You are immune to petrification.
You are immune to rotting.


Message History

You sock the ice beast!
The ice beast is heavily wounded.
The ice beast hits you. The ice beast freezes you!
You are too injured to fight recklessly!
You are too injured to fight recklessly!
You are too injured to fight recklessly!
You are too injured to fight recklessly!
You closely miss the ice beast.
The ice beast is heavily wounded.
The ice beast hits you but does no damage. x2
You hit the ice beast.
The ice beast is heavily wounded.
The ice beast hits you. The ice beast freezes you.
* * * LOW HITPOINT WARNING * * *
You closely miss the ice beast.
The ice beast is heavily wounded.
The ice beast hits you.
* * * LOW HITPOINT WARNING * * *
The ice beast freezes you!
You die...

...... .## .#...#
.. #.........
....##
#.##........# ..#.#
.#.........# ###.##
........... ###.<#
..........
.##..####.........
...........)....Y#
..)........#....@##
.............#....#
...##...#..##....##
..## ###..##.....#
...####..###.....#
##.......###.....#
...#...>..#(.....#
....#.......#..###
....##.##..##.##


You could see an ice beast.

Vanquished Creatures
  A crimson imp (D:3)
  7 adders
  An ooze (D:2)
  An adder skeleton (D:4)
  A worm (D:3)
  A dart slug (D:3)
  A leopard gecko (D:3)
  4 orcs
  2 ball pythons (D:1)
  3 giant cockroaches
  2 goblins (D:1)
  8 hobgoblins
  4 jackals (D:2)
  2 quokkas
  9 bats
  5 frilled lizards
  13 kobolds
  10 rats
  A toadstool (D:1)
76 creatures vanquished.

Vanquished Creatures (others)
  3 toadstools (D:1)
3 creatures vanquished.

Grand Total: 79 creatures vanquished

Notes
Turn   | Place    | Note
-------+----------+-------------------------------------------
     0 | D:1      | Elellon the Gargoyle Fighter began the quest for the Orb.
     0 | D:1      | Reached XP level 1. HP: 14/14 MP: 1/1
   332 | D:1      | Reached XP level 2. HP: 19/19 MP: 2/2
   410 | D:1      | Reached skill level 3 in Maces & Flails
   655 | D:1      | Reached XP level 3. HP: 23/23 MP: 3/3
   985 | D:2      | Reached skill level 4 in Maces & Flails
  1113 | D:2      | Found an ancient bone altar of Kikubaaqudgha.
  1113 | D:2      | Found a bloodstained altar of Trog.
  1113 | D:2      | Found a glowing silver altar of Zin.
  1114 | D:2      | Found a basalt altar of Yredelemnul.
  1136 | D:2      | Reached XP level 4. HP: 28/28 MP: 4/4
  1916 | D:3      | Reached skill level 5 in Maces & Flails
  1916 | D:3      | Reached XP level 5. HP: 32/32 MP: 5/5
  2808 | D:4      | Found a transporter.
  2808 | D:4      | Noticed Elellon's ghost (amateur HOFi)
  2844 | D:4      | Noticed a phantom
  2855 | D:4      | Found a transporter.
  2940 | D:4      | Found a staircase to the Ecumenical Temple.
  2970 | Temple   | Entered the Ecumenical Temple
  3078 | Temple   | Became a worshipper of Warmaster Okawaru
  3167 | D:4      | Noticed an ice beast
  3180 | D:4      | Slain by an ice beast

Levels and vault maps discovered:
D:1:      ldierk_water_garden, layout_rooms
D:2:      layout_basic, chequers_temple_overflow_statue_of_worship
D:3:      layout_basic, first_ration, minmay_stone_trees_large,
          chequers_arboretum, kennysheep_generic_room_8
D:4:      layout_cave_pools, led_sif_book, minmay_temple_entry_wispy,
          gammafunk_ghost_mausoleum, st_stairs_7, grunt_decor_resistance,
          fedhas_altar_fruit_tree
Temple:   regret_index_temple_waves

Skill      XL: |  1  2  3  4 |
---------------+-------------+-----
Maces & Flails | 3 4 5 |  5.7
Fighting       | |  3.2
Armour         | |  3.2
Shields        | |  3.2

Action                   |  1- 3 |  4- 6 || total
-------------------------+-------+-------++-------
Melee: Flail             |   179 |   211 ||   390
  Use: Scroll            |       |     2 ||     2
  Eat: Chunk             |     1 |     7 ||     8
Armor: Scale mail        |   143 |   101 ||   244
Dodge: Dodged            |    69 |    71 ||   140
Block: Shield            |   109 |    95 ||   204
